 Dungeon Crawl Stone Soup version 0.29.0-4-gdea44cf6ec (webtiles) character file.

Game seed: 7628965272582616639

72 qw the Chopper (level 4, 0/26 HPs)
             Began as a Tengu Warper on Aug 28, 2022.
             Slain by Terence
             ... wielding a +1 short sword of flaming
              (1 damage)
             ... on level 2 of the Dungeon.
             The game lasted 00:00:13 (2524 turns).

qw the Chopper (Tengu Warper)                       Turns: 2524, Time: 00:00:13

Health: 0/26       AC:  6    Str: 14    XL:     4   Next: 25%
Magic:  8/8        EV:  9    Int: 13    God:
Gold:   99         SH:  0    Dex: 13    Spells: 7/7 levels left

rFire   . . .      SeeInvis .   Y - +0 broad axe
rCold   . . .      Faith    .   (no shield)
rNeg    . . .      Spirit   .   m - +0 scale mail
rPois   .          Reflect  .   (helmet restricted)
rElec   .          Harm     .   (no cloak)
rCorr   .          Rampage  .   (no gloves)
Will    .....                   (boots unavailable)
Stlth   ..........              (no amulet)
HPRegen 0.08/turn               (no ring)
MPRegen 0.11/turn               (no ring)

@: no status effects
A: beak, talons 3
a: no special abilities


You were on level 2 of the Dungeon.
You visited 1 branch of the dungeon, and saw 3 of its levels.

You collected 99 gold pieces.


Innate Abilities, Weirdness & Mutations

You have a beak for a mouth.
You have claws for feet.


   Skills:
 - Level 2.0 Fighting
 + Level 4.8 Axes
 - Level 1.0 Throwing
 - Level 1.1 Armour
 - Level 2.1 Dodging
 - Level 2.0 Spellcasting
 - Level 2.4 Translocations


You had 7 spell levels left.
You didn't know any spells.
Your spell library contained the following spells:

 Spells                   Type           Power      Damage    Failure   Level
 Blink                    Tloc           14%        N/A       54%         2
 Gell's Gravitas          Tloc           7%         N/A       77%         3
 Lesser Beckoning         Tloc           7%         N/A       77%         3
 Teleport Other           Tloc           7%         N/A       77%         3
 Manifold Assault         Tloc           7%         N/A       100%        5

Inventory:

Hand Weapons
 b - a +1 whip of venom
 Y - a +0 broad axe (weapon)
Armour
 m - a +0 scale mail (worn)
Potions
 a - a potion of heal wounds {unknown}
 c - a potion of cancellation {unknown}
 d - a potion of invisibility {unknown}
 f - a potion of curing
 g - a potion of might {unknown}
 h - a potion of mutation {unknown}
 j - a potion of attraction {unknown}
 k - a potion of lignification {unknown}

Dungeon Overview and Level Annotations

Branches:
Dungeon (3/15)

Altars:

Shops:
D:2 :

Annotations:
D:2 Terence
D:3 Grinder, Sigmund


Message History

You climb downwards.
Level annotation: Grinder, Sigmund, Terence Grinder gestures at you.
You suddenly lose the ability to move!
Terence hits you with a +1 short sword of flaming.
Terence burns you.
You can move again.
There is a stone staircase leading up, spattered with blood here.
2516 ||| STAIRDANCE Terence hits you but does no damage.
You climb upwards.
There is a stone staircase leading down here.
You barely miss Terence. Your kick misses Terence. Your peck misses Terence.
Terence hits you with a +1 short sword of flaming.
Terence burns you.
You hit Terence. Your peck misses Terence.
Terence is moderately wounded.
Terence hits you but does no damage. Terence closely misses you.
You hit Terence. Your kick misses Terence.
Terence is heavily wounded.
Terence misses you.
You barely miss Terence. You peck Terence, but do no damage.
Terence is heavily wounded.
Terence hits you with a +1 short sword of flaming.
Terence burns you. Terence barely misses you.
You hit Terence but do no damage. Your kick misses Terence.
Terence is heavily wounded.
Terence hits you with a +1 short sword of flaming.
Terence burns you.
You hit Terence but do no damage.
Terence is heavily wounded.
Terence hits you with a +1 short sword of flaming.
Terence burns you.
You slash Terence! Your peck misses Terence.
Terence is almost dead.
Terence hits you with a +1 short sword of flaming.
Terence burns you.
Terence hits you with a +1 short sword of flaming.
Terence burns you.
You die...

......#......### #.# ##..# 7.7#
.............#.# #.# ##.###7.7#
.............#.# #.# #...#7.7#
######'#######.###.### ##...#777#
#.......# #.........###....#####
#.......# #.......).##..........
...:....####.....................
#)..<............................
#.......####....@@...##..........
#...)...# #.........##..........
#.......# #.........##.........#
#.......# #........<##..........
######.## #.....................
#.#####.........##..........
#....>....##.#####.........>
###..#######(### #.......[.. ##.#
#....># ##........#


You could see Terence.

Vanquished Creatures
  Jessica (D:2)
  An adder (D:2)
  A dart slug (D:2)
  2 ball pythons
  3 endoplasms (D:1)
  A giant cockroach (D:1)
  4 goblins
  A hobgoblin (D:1)
  4 jackals (D:2)
  7 kobolds
  4 bats
  A frilled lizard (D:1)
  2 rats
32 creatures vanquished.

Notes
Turn   | Place    | Note
-------+----------+-------------------------------------------
     0 | D:1      | qw the Tengu Warper began the quest for the Orb.
     0 | D:1      | Reached XP level 1. HP: 12/12 MP: 4/4
     0 | D:1      | 0 ||| qw: Version: 0.1-a-89-g26bdef1
     0 | D:1      | 0 ||| qw: Game counter: 2249
     0 | D:1      | 0 ||| qw: Always use a shield: true
     0 | D:1      | 0 ||| qw: God list: Okawaru
     0 | D:1      | 0 ||| qw: Allow faded altars: false
     0 | D:1      | 0 ||| qw: Do Orc after D:15 true
     0 | D:1      | 0 ||| qw: Do second Lair branch before Depths: true
     0 | D:1      | 0 ||| qw: Lair rune preference: random
     0 | D:1      | 0 ||| qw: Plans: Normal
     0 | D:1      | 0 ||| PLANNING D:1-11
   131 | D:1      | 131 ||| Stepping ~*~*~tactically~*~*~ (stealth).
   138 | D:1      | 138 ||| Stepping ~*~*~tactically~*~*~ (stealth).
   511 | D:1      | Reached skill level 3 in Axes
   511 | D:1      | Reached XP level 2. HP: 16/17 MP: 6/6
  1198 | D:1      | 1198 ||| READING scroll labelled ENAOPN ARACW.
  1199 | D:1      | 1199 ||| READING scroll labelled HICZUOKHYE.
  1200 | D:1      | 1200 ||| READING scroll labelled TIUKHL QEFRUY.
  1321 | D:1      | 1321 ||| DROPPING scroll of blinking.
  1348 | D:2      | Noticed Jessica
  1353 | D:2      | Killed Jessica
  1354 | D:2      | Reached skill level 4 in Axes
  1354 | D:2      | Reached XP level 3. HP: 8/21 MP: 7/7
  1915 | D:2      | Found Uwopnoxe's Book Shoppe.
  1936 | D:2      | Found a faded altar of an unknown god.
  1953 | D:2      | 1953 ||| Stepping ~*~*~tactically~*~*~ (stealth).
  1960 | D:2      | Reached XP level 4. HP: 23/26 MP: 8/8
  1977 | D:2      | 1977 ||| FLEEEEING.
  2190 | D:2      | 2190 ||| UPGRADING to +0 ring mail.
  2214 | D:2      | 2214 ||| UPGRADING to +0 leather armour.
  2219 | D:2      | 2219 ||| UPGRADING to +0 ring mail.
  2229 | D:2      | 2229 ||| DROPPING +0 leather armour.
  2230 | D:2      | 2230 ||| UPGRADING to +0 scale mail.
  2240 | D:2      | 2240 ||| DROPPING +0 ring mail.
  2315 | D:2      | 2315 ||| DROPPING +0 whip.
  2363 | D:2      | 2363 ||| Stepping ~*~*~tactically~*~*~ (hiding).
  2364 | D:2      | 2364 ||| SWAPPING to +0 broad axe.
  2469 | D:2      | 2469 ||| DROPPING +0 hand axe.
  2478 | D:2      | 2478 ||| READING 2 scrolls labelled VIKLOCZ CIAWN.
  2483 | D:2      | 2483 ||| READING scroll labelled CIXASCH EBOJO.
  2484 | D:2      | 2484 ||| DRINKING 2 pink potions.
  2485 | D:2      | 2485 ||| READING scroll of teleportation.
  2507 | D:3      | Noticed Terence
  2507 | D:3      | Noticed Grinder
  2507 | D:3      | Noticed Sigmund
  2508 | D:3      | 2508 ||| STAIRDANCE
  2514 | D:3      | Paralysed by Grinder for 2 turns
  2516 | D:3      | 2516 ||| STAIRDANCE
  2523 | D:2      | HP: 6/26 [Terence/+1 short sword of flaming (1)]
  2524 | D:2      | HP: 1/26 [Terence/+1 short sword of flaming (2)]
  2524 | D:2      | Slain by Terence

Levels and vault maps discovered:
D:1:      zelgadis_glass_arrival_small, layout_loops_ring, kennysheep_boxes
D:2:      layout_rooms, chequers_ecumenical_altar_twisty, serial_shops, shop,
          kennysheep_cross_bottleneck, kennysheep_small_spiral,
          kennysheep_generic_room_16, uniq_jessica
D:3:      layout_loops_ring, uniq_terence, uniq_grinder, uniq_sigmund

Skill      XL: |  1  2 |
---------------+-------+-----
Axes           | 3 4 |  4.8
Fighting       | |  2.0
Throwing       | |  1.0
Armour         | |  1.1
Dodging        | |  2.1
Spellcasting   | |  2.0
Translocations | |  2.4

Action                   |  1- 3 |  4- 6 || total
-------------------------+-------+-------++-------
Melee: Hand axe          |    65 |    19 ||    84
       Kick              |    12 |     5 ||    17
       Peck              |    14 |     4 ||    18
       Broad axe         |       |    11 ||    11
Throw: Boomerang         |     7 |       ||     7
  Use: Scroll            |     3 |     3 ||     6
       Potion            |       |     1 ||     1
Armor: Leather armour    |    22 |     2 ||    24
       Scale mail        |       |    10 ||    10
Dodge: Dodged            |    38 |    14 ||    52

Table legend:
 A = Non-vault XP
 B = Vault XP
 C = Vault XP percentage of total XP
 D = Non-vault monster count
 E = Vault monster count
 F = Vault count percentage of total count
                 A         B        C        D         E       F
            +---------+---------+-------+---------+---------+-------
      Total |      63 |      40 |  38.8 |      29 |       3 |   9.4
            +---------+---------+-------+---------+---------+-------
        D:1 |      27 |       0 |   0.0 |      16 |       0 |   0.0
        D:2 |      36 |      40 |  52.6 |      13 |       3 |  18.8
            +---------+---------+-------+---------+---------+-------
